PIO (24 & UNDER)
EAU CLAIRE ESQUIRES @ SALEM SLEDGEHAMMERS
07/07/2030
 
TOP OF THE 1ST
Eau Claire Esquires batting - Pitching for Salem Sledgehammers : RHP Luis Reyes
Pitching: RHP Luis Reyes
Batting: LHB Matt Taylor 0-0: Called Strike
0-1: Called Strike
0-2: Foul Ball, location: 2F
0-2: Ball
1-2: SINGLE (Groundball, 4D)
Batting: LHB Johnny Foley 0-0: Ball
Wild Pitch!
Matt Taylor to second
1-0: Called Strike
1-1: Ball
2-1: Ball
3-1: Base on Balls
Batting: LHB Will Rhodes 0-0: Fly out, F9 (Flyball, 89S)
Now in CF: Robert Lancaster
Batting: RHB Tomás Rivera 0-0: Ball
1-0: Swinging Strike
1-1: Ball
2-1: Called Strike
2-2: Strikes out swinging
Batting: LHB Caleb Ruíz 0-0: Called Strike
0-1: Foul Ball, location: 2F
0-2: Ball
1-2: Ball
2-2: Strikes out swinging
Top of the 1st over - 0 runs, 1 hit, 0 errors, 2 left on base; Eau Claire 0 - Salem 0
BOTTOM OF THE 1ST
Salem Sledgehammers batting - Pitching for Eau Claire Esquires : RHP Ángel Gil
Pitching: RHP Ángel Gil
Batting: RHB Ben Simpson 0-0: Bunted foul
0-1: Ball
1-1: Foul Ball, location: 2F
1-2: Ground out 5-3 (Groundball, 56)
Batting: LHB Marvin Jones 0-0: Swinging Strike
0-1: Swinging Strike
0-2: Ball
1-2: Strikes out swinging, 2-3 out at first.
Batting: LHB Wes Britton 0-0: Ball
1-0: Fly out, F9 (Flyball, 89M)
Bottom of the 1st over - 0 runs, 0 hits, 0 errors, 0 left on base; Eau Claire 0 - Salem 0
TOP OF THE 2ND
Eau Claire Esquires batting - Pitching for Salem Sledgehammers : RHP Luis Reyes
Batting: RHB Shawn López 0-0: Called Strike
0-1: Fly out, F8 (Flyball, 89D)
Batting: RHB Tom McBride 0-0: Called Strike
0-1: Foul Ball, location: 2F
0-2: Strikes out swinging
Batting: RHB Kyle McIntyre 0-0: Ball
1-0: SINGLE (Groundball, 56D)
Batting: RHB Silas Small 0-0: Ball
1-0: Swinging Strike
1-1: Ball
2-1: Called Strike
2-2: Strikes out swinging
Top of the 2nd over - 0 runs, 1 hit, 0 errors, 1 left on base; Eau Claire 0 - Salem 0
BOTTOM OF THE 2ND
Salem Sledgehammers batting - Pitching for Eau Claire Esquires : RHP Ángel Gil
Batting: RHB Robert Lancaster 0-0: Called Strike
0-1: Ground out 5-3 (Groundball, 56)
Batting: LHB Adrian Neal 0-0: Ball
1-0: Ball
2-0: Foul Ball, location: 2F
2-1: SINGLE (Flyball, 89S)
Batting: RHB José González 0-0: Called Strike
0-1: Ball
1-1: Swinging Strike
1-2: Strikes out swinging
Batting: RHB Gary Washington 0-0: Ball
1-0: Ball
2-0: Ball
3-0: Called Strike
3-1: Called Strike
3-2: Base on Balls
Adrian Neal to second
Batting: RHB José Sosa 0-0: Foul Ball, location: 2F
0-1: Ball
1-1: Foul Ball, location: 2F
1-2: Strikes out looking
Bottom of the 2nd over - 0 runs, 1 hit, 0 errors, 2 left on base; Eau Claire 0 - Salem 0
TOP OF THE 3RD
Eau Claire Esquires batting - Pitching for Salem Sledgehammers : RHP Luis Reyes
Batting: LHB Matt Taylor 0-0: Ball
1-0: Ball
2-0: Ball
3-0: Base on Balls
Batting: LHB Johnny Foley 0-0: Ball
1-0: Called Strike
1-1: Foul Ball, location: 2F
1-2: Fly out, F9 (Flyball, 9S)
Batting: LHB Will Rhodes 0-0: Ball
1-0: Ball
2-0: Called Strike
2-1: Ball
3-1: Base on Balls
Matt Taylor to second
Batting: RHB Tomás Rivera 0-0: Called Strike
0-1: SINGLE (Groundball, 56D)
Matt Taylor to third
Will Rhodes to second
Runner from 3rd tries for Home, SAFE, no throw
Batting: LHB Caleb Ruíz 0-0: Called Strike
0-1: Ball
1-1: Ball
2-1: Ball
3-1: Foul Ball, location: 2F
3-2: Foul Ball, location: 2F
3-2: Base on Balls
Will Rhodes to third
Tomás Rivera to second
Batting: RHB Shawn López 0-0: Grounds into double play, 4-6-3 (Groundball, 4)
Top of the 3rd over - 1 run, 1 hit, 0 errors, 2 left on base; Eau Claire 1 - Salem 0
BOTTOM OF THE 3RD
Salem Sledgehammers batting - Pitching for Eau Claire Esquires : RHP Ángel Gil
Batting: RHB Martín Rodríguez 0-0: Called Strike
0-1: Ball
1-1: Foul Ball, location: 2F
1-2: Ground out 5-3 (Groundball, 56S)
Batting: RHB Ben Simpson 0-0: Called Strike
0-1: DOUBLE (Line Drive, 9LS)
Batting: LHB Marvin Jones 0-0: Called Strike
0-1: Ball
1-1: DOUBLE (Flyball, 8LD)
Ben Simpson scores
Batting: LHB Wes Britton 0-0: Swinging Strike
0-1: Swinging Strike
0-2: Foul Ball, location: 2F
0-2: Ball
1-2: Foul Ball, location: 2F
1-2: Ball
2-2: Strikes out swinging
Batting: RHB Robert Lancaster 0-0: Ground out 4-3 (Groundball, 4M)
Bottom of the 3rd over - 1 run, 2 hits, 0 errors, 1 left on base; Eau Claire 1 - Salem 1
TOP OF THE 4TH
Eau Claire Esquires batting - Pitching for Salem Sledgehammers : RHP Luis Reyes
Batting: RHB Tom McBride 0-0: Ball
1-0: Foul Ball, location: 2F
1-1: Foul Ball, location: 2F
1-2: Ball
2-2: Ground out 4-3 (Groundball, 4S)
Batting: RHB Kyle McIntyre 0-0: Ball
1-0: Fly out, F8 (Flyball, 8LD)
Batting: RHB Silas Small 0-0: Called Strike
0-1: Called Strike
0-2: Strikes out looking
Top of the 4th over - 0 runs, 0 hits, 0 errors, 0 left on base; Eau Claire 1 - Salem 1
BOTTOM OF THE 4TH
Salem Sledgehammers batting - Pitching for Eau Claire Esquires : RHP Ángel Gil
Batting: LHB Adrian Neal 0-0: Foul Ball, location: 2F
0-1: Swinging Strike
0-2: Ball
1-2: Ball
2-2: Ball
3-2: Fly out, F9 (Flyball, 9LSF)
Pitching: RHP Rich Wright
Batting: RHB José González 0-0: Called Strike
0-1: Ball
1-1: Ground out 3-1 (Groundball, 34)
Batting: RHB Gary Washington 0-0: Fly out, F4 (Popup, 4S)
Bottom of the 4th over - 0 runs, 0 hits, 0 errors, 0 left on base; Eau Claire 1 - Salem 1
TOP OF THE 5TH
Eau Claire Esquires batting - Pitching for Salem Sledgehammers : RHP Luis Reyes
Batting: LHB Matt Taylor 0-0: Swinging Strike
0-1: Ball
1-1: Ball
2-1: Called Strike
2-2: Ball
3-2: Base on Balls
Batting: LHB Johnny Foley 0-0: Called Strike
0-1: Ball
1-1: Ball
2-1: Foul Ball, location: 2F
2-2: Foul Ball, location: 2F
2-2: Foul Ball, location: 2F
2-2: SINGLE (Line Drive, 8RS)
Matt Taylor to second
Batting: LHB Will Rhodes 0-0: Ball
1-0: Ball
2-0: Swinging Strike
2-1: Ball
3-1: Base on Balls
Matt Taylor to third
Johnny Foley to second
Batting: RHB Tomás Rivera 0-0: Ball
1-0: Fly out, F8 (Flyball, 78XD)
Runner from 3rd tags up, SCORES, no throw
Johnny Foley to third
Batting: LHB Caleb Ruíz 0-0: Ball
1-0: Foul Ball, location: 2F
1-1: Ball
2-1: SINGLE (Groundball, 5D)
Johnny Foley scores
Will Rhodes to second
Batting: RHB Shawn López 0-0: Foul Ball, location: 2F
0-1: Foul Ball, location: 2F
0-2: Strikes out swinging
Batting: RHB Tom McBride 0-0: Ball
1-0: Called Strike
1-1: Foul Ball, location: 2F
1-2: Fielders Choice at 2nd, 5-4 (Groundball, 56)
Top of the 5th over - 2 runs, 2 hits, 0 errors, 2 left on base; Eau Claire 3 - Salem 1
BOTTOM OF THE 5TH
Salem Sledgehammers batting - Pitching for Eau Claire Esquires : RHP Rich Wright
Batting: RHB José Sosa 0-0: Fly out, F8 (Flyball, 8LS)
Batting: RHB Martín Rodríguez 0-0: Called Strike
0-1: Swinging Strike
0-2: Ball
1-2: Foul Ball, location: 2F
1-2: Ball
2-2: Strikes out looking
Batting: RHB Ben Simpson 0-0: Foul Ball, location: 2F
0-1: Ball
1-1: Ball
2-1: Foul Ball, location: 2F
2-2: Foul Ball, location: 2F
2-2: Foul Ball, location: 2F
2-2: Ball
3-2: SINGLE (Flyball, 9S)
Batting: LHB Marvin Jones 0-0: Ball
1-0: Called Strike
1-1: Ball
2-1: Foul Ball, location: 2F
2-2: Fly out, F4 (Popup, 4M)
Bottom of the 5th over - 0 runs, 1 hit, 0 errors, 1 left on base; Eau Claire 3 - Salem 1
TOP OF THE 6TH
Eau Claire Esquires batting - Pitching for Salem Sledgehammers : RHP Luis Reyes
Pitching: LHP John Dyer
Batting: RHB Kyle McIntyre 0-0: Ball
1-0: Foul Ball, location: 2F
1-1: Called Strike
1-2: Strikes out swinging
Batting: RHB Silas Small 0-0: Ground out 6-3 (Groundball, 6)
Batting: LHB Matt Taylor 0-0: Swinging Strike
0-1: Called Strike
0-2: Ball
1-2: Ball
2-2: Foul Ball, location: 2F
2-2: Strikes out swinging
Top of the 6th over - 0 runs, 0 hits, 0 errors, 0 left on base; Eau Claire 3 - Salem 1
BOTTOM OF THE 6TH
Salem Sledgehammers batting - Pitching for Eau Claire Esquires : RHP Rich Wright
Batting: LHB Wes Britton 0-0: Foul Ball, location: 2F
0-1: Ground out 1-3 (Groundball, P)
Batting: RHB Robert Lancaster 0-0: Ball
1-0: Ball
2-0: Ball
3-0: Base on Balls
Batting: LHB Adrian Neal 0-0: Called Strike
0-1: Ball
Robert Lancaster is caught stealing 2nd base
1-1: Foul Ball, location: 2F
1-2: Strikes out swinging
Bottom of the 6th over - 0 runs, 0 hits, 0 errors, 0 left on base; Eau Claire 3 - Salem 1
TOP OF THE 7TH
Eau Claire Esquires batting - Pitching for Salem Sledgehammers : LHP John Dyer
Batting: LHB Johnny Foley 0-0: Called Strike
0-1: Ground out U3 (Groundball, 34)
Batting: LHB Will Rhodes 0-0: DOUBLE (Line Drive, 9LD)
Batting: RHB Tomás Rivera 0-0: Intentional Walk
Pinch Hitting: RHB Cipriano Salas 0-0: Ball
1-0: Called Strike
1-1: Foul Ball, location: 2F
1-2: Ball
2-2: 3-RUN HOME RUN (Flyball, 7LD), Distance : 385 ft
Pitching: RHP Patrick Singleton
Batting: RHB Shawn López 0-0: Called Strike
0-1: Ball
1-1: Called Strike
1-2: Ball
2-2: Strikes out looking
Batting: RHB Tom McBride 0-0: Called Strike
0-1: Swinging Strike
0-2: Strikes out swinging
Top of the 7th over - 3 runs, 2 hits, 0 errors, 0 left on base; Eau Claire 6 - Salem 1
BOTTOM OF THE 7TH
Salem Sledgehammers batting - Pitching for Eau Claire Esquires : RHP Rich Wright
Now at 1B: David Brady
Batting: RHB José González 0-0: Swinging Strike
0-1: Ball
1-1: Swinging Strike
1-2: Strikes out looking
Batting: RHB Gary Washington 0-0: Ball
1-0: Ball
2-0: Single, Error in OF, E7, batter to second base
Batting: RHB José Sosa 0-0: Ball
1-0: Foul Ball, location: 2F
1-1: Swinging Strike
1-2: Ball
2-2: SINGLE (Groundball, 25) (infield hit)
Gary Washington to third
Batting: RHB Martín Rodríguez 0-0: Fly out, F9 (Line Drive, 9)
Runner from 3rd tags up, OUT at HOME
Bottom of the 7th over - 0 runs, 2 hits, 1 error, 1 left on base; Eau Claire 6 - Salem 1
TOP OF THE 8TH
Eau Claire Esquires batting - Pitching for Salem Sledgehammers : RHP Patrick Singleton
Batting: RHB Kyle McIntyre 0-0: Foul Ball, location: 2F
0-1: Called Strike
0-2: Ball
1-2: Foul Ball, location: 2F
1-2: Strikes out swinging
Pitching: RHP Lloyd Jones
Batting: RHB Silas Small 0-0: Ball
1-0: Ball
2-0: Ball
3-0: Called Strike
3-1: Base on Balls
Batting: LHB Matt Taylor 0-0: Called Strike
0-1: Ball
1-1: Foul Ball, location: 2F
1-2: Fly out, F9 (Line Drive, 89M)
Batting: LHB Johnny Foley 0-0: Called Strike
Silas Small steals 2nd base
0-1: Called Strike
0-2: Ball
1-2: Foul Ball, location: 2F
1-2: Ball
2-2: Strikes out swinging
Top of the 8th over - 0 runs, 0 hits, 0 errors, 1 left on base; Eau Claire 6 - Salem 1
BOTTOM OF THE 8TH
Salem Sledgehammers batting - Pitching for Eau Claire Esquires : RHP Rich Wright
Batting: RHB Ben Simpson 0-0: Ball
1-0: Fly out, F8 (Flyball, 8LD)
Batting: LHB Marvin Jones 0-0: Ball
1-0: Called Strike
1-1: Foul Ball, location: 2F
1-2: Foul Ball, location: 2F
1-2: Strikes out swinging
Batting: LHB Wes Britton 0-0: Called Strike
0-1: Ball
1-1: Ball
2-1: Ball
3-1: Foul Ball, location: 2F
3-2: Fly out, F3 (Popup, 3SF)
Bottom of the 8th over - 0 runs, 0 hits, 0 errors, 0 left on base; Eau Claire 6 - Salem 1
TOP OF THE 9TH
Eau Claire Esquires batting - Pitching for Salem Sledgehammers : RHP Lloyd Jones
Batting: LHB Will Rhodes 0-0: SINGLE (Groundball, 56D)
Batting: RHB Tomás Rivera 0-0: Swinging Strike
0-1: Fielders Choice at 2nd, 1-6 (Groundball, 13S)
Batting: RHB David Brady 0-0: Ball
Tomás Rivera is caught stealing 2nd base
1-0: Swinging Strike
1-1: Ball
2-1: Foul Ball, location: 2F
2-2: Ground out U3 (Groundball, 3L)
Top of the 9th over - 0 runs, 1 hit, 0 errors, 0 left on base; Eau Claire 6 - Salem 1
BOTTOM OF THE 9TH
Salem Sledgehammers batting - Pitching for Eau Claire Esquires : RHP Rich Wright
Batting: RHB Robert Lancaster 0-0: Called Strike
0-1: Ball
1-1: Ball
2-1: Ball
3-1: Base on Balls
Batting: LHB Adrian Neal 0-0: Called Strike
0-1: Ball
1-1: Foul Ball, location: 2F
1-2: Strikes out looking
Batting: RHB José González 0-0: Ball
1-0: Foul Ball, location: 2F
1-1: Grounds into double play, 4-6-3 (Groundball, 4)
Bottom of the 9th over - 0 runs, 0 hits, 0 errors, 0 left on base; Eau Claire 6 - Salem 1
Saturday, April 7th, 2018 - OOTP Baseball 18.8 Build 76